Map: Acid Plant LE

Players

Silky - Winner!

  • Race: Zerg Zerg
  • Spawn Location: 5:00

HuT

  • Race: Terran Terran
  • Spawn Location: 11:00

Event: WCS Valencia 2018

VOD

Have the link to the VOD?

Description

Time

  • Played on: July 12, 2018, 2:01 p.m.
  • Length: 13:37

All games in this series

Show
View Real Time Build Order
Export as new Build Order

Silky Zerg - Winner!

Build Orders: Hatch First 

Get SALT Encoding   

  12  0:00  Drone  
  13  0:12  Overlord  
  13  0:17  Drone  
  14  0:30  Drone  
  14  0:31  Drone  
  16  0:48  Hatchery  
  15  0:51  Drone  
  15  0:54  Drone  
  17  0:57  Drone  
  18  1:07  Extractor  
  17  1:12  Spawning Pool  
  17  1:16  Drone  
  17  1:20  Drone  
  18  1:27  Drone  
  19  1:38  Drone  
  20  2:00  Spine Crawler  
  19  2:01  Zergling x6  
  19  2:02  Spine Crawler  
  21  2:11  Zergling x2  
  17  2:33  Drone x2  
  18  2:42  Queen  
  20  2:51  Queen  
  20  2:55  Zergling x2  
  23  2:59  Drone  
  24  3:06  Overlord  
  24  3:13  Overlord  
  24  3:26  Drone x3  
  27  3:31  Metabolic Boost  
  27  3:35  Drone  
  27  3:36  Drone  
  30  3:41  Drone  
  30  3:55  Hatchery  
  29  4:03  Queen  
  29  4:07  Drone  
  29  4:08  Drone  
  33  4:10  Drone  
  33  4:13  Drone  
  33  4:14  Drone  
  36  4:19  Overlord  
  36  4:26  Overlord  
  36  4:38  Drone x5  
  40  4:43  Drone  
  40  4:44  Drone x2  
  44  4:48  Roach Warren  
  43  4:55  Drone x3  
  43  4:58  Extractor x2  
  44  5:03  Drone x2  
  46  5:08  Queen  
  46  5:11  Drone x3  
  51  5:18  Drone x3  
  51  5:19  Drone  
  55  5:21  Overlord  
  55  5:29  Roach  
  55  5:31  Roach  
  55  5:33  Overlord  
  58  5:38  Lair  
  58  5:43  Roach x2  
  58  5:44  Drone x2  
  58  5:47  Drone x2  
  65  5:54  Drone x2  
  67  5:57  Evolution Chamber  
  67  5:58  Evolution Chamber  
  67  5:59  Drone x3  
  67  6:02  Overlord  
  67  6:04  Drone  
  69  6:11  Overlord  
  67  6:18  Drone x2  
  67  6:19  Drone x4  
  67  6:23  Zerg Missile Weapons Level 1  
  67  6:24  Zerg Ground Armor Level 1  
  67  6:25  Drone  
  74  6:33  Drone  
  74  6:34  Spore Crawler  
  74  6:36  Roach x4  
  74  6:38  Glial Reconstitution  
  82  6:46  Overlord  
  79  6:59  Drone x3  
  82  7:04  Overlord  
  82  7:07  Extractor  
  82  7:08  Extractor  
  80  7:10  Drone x2  
  80  7:11  Drone  
  80  7:12  Drone x2  
  85  7:15  Extractor  
  85  7:16  Overlord  
  85  7:18  Zergling x2  
  85  7:19  Roach x4  
  85  7:20  Overlord, Roach x2  
  97  7:25  Roach x2  
  101  7:31  Drone x2  
  101  7:32  Drone  
  104  7:38  Roach x3  
  104  7:42  Overlord  
  112  7:44  Roach x4  
  112  7:45  Roach  
  112  7:46  Overlord x2  
  120  7:57  Roach  
  121  7:59  Overlord  
  121  8:01  Roach  
  123  8:06  Roach x2  
  123  8:12  Zergling x2, Roach x3  
  134  8:13  Zergling x10  
  134  8:14  Ravager x5  
  134  8:15  Ravager  
  134  8:18  Zergling x2  
  146  8:21  Zergling x4  
  146  8:26  Roach  
  150  8:29  Roach  
  150  8:31  Overlord  
  152  8:38  Roach  
  152  8:40  Overlord x2  
  130  8:56  Roach x7  
  137  9:05  Roach x2  
  124  9:10  Roach x3  
  124  9:15  Roach x3  
  123  9:18  Roach x2  
  123  9:22  Roach  
  119  9:30  Roach x2  
  119  9:33  Roach  
  121  9:42  Hatchery, Drone x2  
  122  9:49  Zergling x4, Roach x3  
  122  9:50  Zergling x10  
  135  9:53  Hatchery  
  135  9:54  Ravager x6  
  135  9:55  Ravager x5  
  135  9:57  Roach x2  
  141  10:06  Roach x2  
  145  10:07  Overlord  
  145  10:13  Roach x4  
  145  10:14  Roach x3  
  151  10:19  Roach x2  
  155  10:24  Roach  
  157  10:30  Roach x2  
  160  10:39  Zerg Ground Armor Level 2  
  160  10:40  Zerg Missile Weapons Level 2  
  159  10:44  Drone x2  
  159  10:45  Drone x4  
  161  10:50  Roach x2, Infestation Pit  
  164  10:57  Drone x3  
  164  11:00  Hydralisk Den  
  164  11:03  Drone  
  167  11:05  Queen  
  167  11:06  Drone x3  
  171  11:22  Extractor  
  170  11:27  Hive  
  170  11:29  Grooved Spines  
  170  11:30  Hydralisk x4  
  170  11:31  Hydralisk x3  
  183  11:33  Drone x7  
  188  11:43  Spore Crawler  
  183  12:02  Hydralisk x7  
  197  12:09  Spore Crawler  
  197  12:11  Spore Crawler x2  
  194  12:17  Drone  
  194  12:18  Spore Crawler x2, Drone x3  
  194  12:19  Spore Crawler  
  194  12:20  Spore Crawler  
  194  12:24  Drone x3  
  197  12:34  Spine Crawler  
  197  12:35  Spine Crawler  
  197  12:36  Spine Crawler  
  194  12:38  Overlord x2  
  194  12:42  Overlord  
  194  12:55  Roach x5  
  185  13:00  Overlord  
  185  13:01  Roach x8  
  197  13:07  Roach x2  
Show
View Real Time Build Order
Export as new Build Order

HuT Terran 

Build Orders: MMM Bio 

Get SALT Encoding   

  12  0:00  SCV  
  13  0:12  SCV  
  14  0:18  Supply Depot  
  14  0:25  SCV  
  15  0:40  Barracks  
  15  0:52  Barracks  
  15  0:54  SCV  
  16  1:07  SCV  
  17  1:21  Supply Depot  
  17  1:26  Marine, Orbital Command  
  18  1:39  Marine  
  19  1:44  Marine  
  20  1:50  Bunker  
  20  1:52  Bunker  
  20  1:55  SCV  
  20  1:58  Marine  
  22  2:02  Marine  
  23  2:16  Bunker  
  23  2:17  Bunker  
  23  2:19  Marine  
  23  2:20  Marine  
  20  2:32  SCV  
  20  2:43  Command Center  
  20  2:44  SCV  
  21  2:52  Refinery x2  
  21  2:56  SCV  
  22  3:08  SCV  
  23  3:20  SCV  
  23  3:21  Command Center  
  24  3:32  SCV  
  25  3:38  Factory  
  25  3:45  SCV  
  26  3:54  Marine  
  26  3:55  Barracks Reactor, Orbital Command  
  27  4:01  SCV  
  28  4:13  SCV  
  28  4:16  Barracks Tech Lab  
  29  4:21  SCV  
  30  4:26  Starport  
  30  4:29  SCV  
  31  4:34  Orbital Command x2  
  31  4:36  Hellion  
  31  4:37  Hellion  
  35  4:41  SCV  
  36  4:48  Supply Depot  
  36  4:49  Barracks Reactor  
  36  4:50  Barracks Tech Lab  
  36  4:58  Hellion x2  
  39  5:01  SCV x2  
  41  5:08  Marine  
  41  5:09  Stimpack  
  41  5:14  SCV x2  
  44  5:15  SCV  
  44  5:19  Supply Depot  
  45  5:27  Marine  
  45  5:28  Marine x2  
  48  5:29  SCV x3  
  48  5:30  Siege Tank  
  48  5:32  Medivac  
  56  5:41  SCV x2  
  56  5:42  Supply Depot  
  58  5:45  Marine x3  
  60  5:52  Engineering Bay  
  60  5:56  Engineering Bay  
  60  5:59  Barracks  
  60  6:01  SCV x2, Refinery  
  60  6:02  Refinery  
  60  6:03  SCV  
  63  6:04  Starport Reactor  
  63  6:10  Marine x3  
  66  6:13  SCV  
  67  6:19  Siege Tank  
  67  6:24  Terran Infantry Weapons Level 1  
  70  6:28  SCV x2, Marine  
  73  6:33  Orbital Command  
  73  6:37  Marine x2  
  73  6:39  Supply Depot  
  75  6:40  SCV x2  
  75  6:46  Marine x3  
  80  6:52  SCV x2  
  80  6:54  Marine x2  
  80  6:58  Siege Tank  
  85  7:04  SCV, Marine x3  
  85  7:05  SCV  
  85  7:06  Medivac x2  
  86  7:09  Supply Depot  
  86  7:12  Marine  
  86  7:13  Combat Shields, Barracks  
  87  7:16  Barracks  
  87  7:20  Supply Depot  
  87  7:24  SCV  
  87  7:26  SCV  
  87  7:27  Bunker x2, SCV  
  90  7:30  Bunker, Siege Tank  
  90  7:32  Marine x2  
  90  7:35  Terran Infantry Armor Level 1  
  95  7:40  Medivac  
  97  7:47  SCV  
  97  7:48  SCV x2, Refinery  
  97  7:49  Marine  
  97  7:50  Refinery  
  100  7:59  SCV  
  100  8:00  SCV x2  
  100  8:02  Armory, Marine x2  
  105  8:05  Supply Depot  
  105  8:06  Supply Depot  
  105  8:09  Supply Depot  
  105  8:12  SCV x3  
  105  8:13  Barracks Reactor, Siege Tank  
  105  8:14  Barracks Reactor  
  108  8:20  Marine  
  108  8:24  Supply Depot  
  108  8:25  Supply Depot, SCV  
  108  8:26  Marine  
  109  8:28  SCV x2  
  109  8:31  Marine x2  
  113  8:37  SCV, Marine  
  113  8:38  Marine  
  115  8:43  SCV x2, Marine  
  115  8:44  Supply Depot  
  115  8:45  Siege Tank  
  121  8:51  Supply Depot, Marine x2  
  121  8:55  Marine x4  
  109  8:56  Marine  
  109  9:01  Marine x2  
  96  9:09  Marine x2  
  88  9:13  Marine x2  
  88  9:15  Marine x2  
  84  9:20  Marine  
  80  9:25  Marine  
  79  9:38  Terran Infantry Weapons Level 2  
  76  9:40  Terran Infantry Armor Level 2  
  76  9:41  Orbital Command  
  76  9:45  Marine x3  
  79  9:49  Marine x2  
  79  9:52  SCV x2  
  83  9:53  Marine x2  
  83  10:02  Medivac x2, Siege Tank  
  83  10:05  Marine x2  
  92  10:13  SCV x2  
  92  10:14  Marine x4  
  91  10:15  Liberator  
  91  10:19  Marine x2  
  96  10:24  Marine  
  96  10:25  Supply Depot, Marine x2  
  99  10:35  Marine  
  103  10:36  Supply Depot  
  103  10:40  Marine x3  
  103  10:41  Marine  
  106  10:44  Liberator  
  106  10:47  Supply Depot  
  106  10:51  Marine x3  
  109  10:57  Marine x2  
  109  10:58  Marine  
  115  11:10  Supply Depot  
  115  11:11  Marine  
  115  11:12  Marine x5  
  115  11:16  Supply Depot  
  121  11:22  Marine x3  
  124  11:29  Marine  
  124  11:32  Marine x4  
  129  11:37  Marine  
  129  11:38  Orbital Command  
  128  11:40  Marine x3  
  128  11:43  Supply Depot  
  128  11:47  Supply Depot, Marine  
  131  11:49  Marine x2  
  131  11:50  Marine  
  135  11:56  Siege Tank  
  135  11:57  Marine  
  139  12:01  Marine  
  139  12:04  Marine  
  124  12:09  SCV x2  
  124  12:11  Marine x2  
  128  12:19  Marine x3  
  131  12:26  Marine x4  
  109  13:00  Marine  
  102  13:05  Marine  
  102  13:09  Marine  
  102  13:12  Marine x6  
  100  13:18  Marine  
Tags
 
Composition
MMM Bio
Matchup
TvZ
Player
HuTSilky
Spawn Locations
Cross Positions
Add a new tag
Caveats
  • Supply blocks, unpowered buildings, or Contaminate may cause inaccurate times.
  • Supply counts are checked every 10 seconds.